 Dungeon Crawl Stone Soup version 0.31.0-12-g77e489cdc1 (webtiles) character file.

Game seed: 5078013718519426545

56 booth the Firebug (level 3, -4/26 HPs)
             Began as a Draconian Fire Elementalist on Feb 15, 2024.
             Slain by Terence
             ... wielding a +0 hand axe
              (7 damage)
             ... on level 2 of the Dungeon.
             The game lasted 00:08:32 (1098 turns).

booth the Firebug (Draconian Fire Elementalist)     Turns: 1098, Time: 00:08:33

Health: -4/26      AC:  5    Str: 10    XL:     3   Next: 71%
Magic:  0/6        EV: 12    Int: 17    God:
Gold:   23         SH:  0    Dex: 11    Spells: 1/7 levels left

rFire   . . .        b - +0 hand axe
rCold   . . .        (no shield)
rNeg    . . .        (body armour unavailable)
rPois   .            (helmet restricted)
rElec   .            (no cloak)
rCorr   .            (no gloves)
SInv    .            (no boots)
Will    .....        (no amulet)
Stlth   ++           (no ring)
HPRegen 0.24/turn    (no ring)
MPRegen 0.10/turn

%: no passive effects
@: no status effects
A: AC +5, unfitting armour, cold-blooded
a: no special abilities


You were on level 2 of the Dungeon.
You visited 1 branch of the dungeon, and saw 2 of its levels.

You collected 23 gold pieces.

Inventory:

Hand Weapons
 b - a +0 hand axe (weapon)
Missiles
 e - a javelin (quivered)
 f - 2 poisoned darts
Jewellery
 j - a ring of see invisible
Scrolls
 c - a scroll of enchant armour
 h - a scroll of vulnerability {unknown}
 i - a scroll of amnesia {unknown}
Potions
 g - a potion of might


   Skills:
 - Level 1.9 Dodging
 + Level 2.4 Stealth
 + Level 2.5 Spellcasting
 - Level 1.1 Conjurations
 + Level 0.2 Hexes
 * Level 3.8 Fire Magic


You had one spell level left.
You knew the following spells:

 Your Spells              Type           Power      Damage    Failure   Level
a - Foxfire               Conj/Fire      40%        2x1d6     7%          1
b - Scorch                Fire           30%        2d6       6%          2
c - Inner Flame           Hex/Fire       9%         N/A       24%         3

Your spell library contained the following spells:

 Spells                   Type           Power      Damage    Failure   Level
 Volatile Blastmotes      Fire/Tloc      16%        2d11      26%         3
 Flame Wave               Conj/Fire      10%        2d6       54%         4


Dungeon Overview and Level Annotations

Branches:
Dungeon (2/15)

Altars:

Annotations:
D:2 Terence


Innate Abilities, Weirdness & Mutations

Your plain brown scales are hard. (AC +5)
You cannot fit into any form of body armour.
You are cold-blooded and may be slowed by cold attacks.


Message History

Terence hits you with a +0 hand axe.
Casting: Foxfire (safe; 7% risk of failure)
Confirm with . or Enter, or press ? or * to list all spells.
You conjure some foxfire!
Terence hits you with a +0 hand axe. Terence closely misses your foxfire.
Terence hits your foxfire with a +0 hand axe.
You hit Terence.
Terence is moderately wounded.
The foxfire hits Terence but does no damage.
Terence is moderately wounded.
The foxfire hits Terence but does no damage.
Terence is moderately wounded.
Terence hits you with a +0 hand axe.
Casting: Foxfire (safe; 7% risk of failure)
Confirm with . or Enter, or press ? or * to list all spells.
Flames lash Terence.
Terence is heavily wounded.
Terence's fire resistance burns away.
Terence closely misses you. Terence attacks as he pursues you!
Terence closely misses you.
Casting: Scorch (safe; 6% risk of failure)
Confirm with . or Enter, or press ? or * to list all spells.
You conjure some foxfire!
Terence hits you with a +0 hand axe!
* * * LOW HITPOINT WARNING * * *
Terence hits your foxfire with a +0 hand axe.
Terence is no longer more vulnerable to fire.
The foxfire hits Terence but does no damage.
Terence is heavily wounded.
The foxfire hits Terence.
Terence is heavily wounded.
Terence attacks as he pursues you! Terence barely misses you.
Okay, then.
Okay, then.
Casting: Foxfire (safe; 7% risk of failure)
Confirm with . or Enter, or press ? or * to list all spells.
You don't have enough magic to cast this spell.
You hit Terence but do no damage.
Terence is heavily wounded.
Terence hits you with a +0 hand axe!
You die...
Terence says, "Rest in peace."

.. ..# ##.##.#
...... ###....#
## .........
#.#....#.#
##.#....#.#####
.......@§......
##.#.##@.......
...#.##.#.####.
........#.####.
...............
###...#.#.####.
#...#$#.#
#####..#.# #
.......#†# #


You could see Terence.

Vanquished Creatures
  A gnoll (D:2)
  A dart slug (D:1)
  6 bats (D:1)
  2 endoplasms (D:1)
  A giant cockroach (D:1)
  4 goblins (D:1)
  5 hobgoblins
  5 jackals (D:1)
  2 kobolds (D:1)
  2 quokkas (D:1)
  2 ball pythons (D:1)
  3 frilled lizards
  5 rats (D:1)
39 creatures vanquished.

Vanquished Creatures (others)
  59 foxfires
59 creatures vanquished.

Grand Total: 98 creatures vanquished

Notes
Turn   | Place    | Note
-------+----------+-------------------------------------------
     0 | D:1      | booth the Draconian Fire Elementalist began the quest for
                  | the Orb.
     0 | D:1      | Reached XP level 1. HP: 14/14 MP: 3/3
   151 | D:1      | Reached XP level 2. HP: 20/20 MP: 3/5
   162 | D:1      | Learned a level 2 spell: Scorch
   680 | D:1      | Reached XP level 3. HP: 16/26 MP: 1/6
  1032 | D:1      | Learned a level 3 spell: Inner Flame
  1061 | D:2      | Noticed Terence
  1098 | D:2      | Slain by Terence

Illustrated notes

Levels and vault maps discovered:
D:1:      dpeg_arrival_subterranean_lakeside_camping, layout_loops_ring,
          columned_hall_lemuel
D:2:      layout_basic, uniq_jessica, uniq_terence

Skill      XL: |  1 |
---------------+----+-----
Stealth        | 2 |  2.4
Dodging        | |  1.9
Spellcasting   | |  2.5
Conjurations   | |  1.1
Hexes          | |  0.2
Fire Magic     | |  3.8

Action                     || total
---------------------------++-------
  Melee: Hand axe          ||    35
         Tailslap          ||     1
  Throw: Javelin           ||     1
   Cast: Foxfire           ||    37
         Scorch            ||     6
    Use: Scroll            ||     2
         Potion            ||     1
 Armour: Skin              ||    25
  Dodge: Dodged            ||    23
